Montreal Canadiens vs New York Rangers
(R2)
Created - Saturday, February 1, 2025 at 12:38
Goals
|
| Montreal Canadiens |
1 |
2 |
0 |
0 |
0 |
3 |
| New York Rangers |
0 |
1 |
2 |
0 |
1 |
4 |
|
Shots
|
| Montreal Canadiens |
11 |
6 |
17 |
3 |
3 |
37 |
| New York Rangers |
2 |
21 |
14 |
3 |
2 |
40 |
|
1st period
1. Montreal Canadiens , Adam Fox 1 (Martin Necas 1, Patrik Laine 1) at 7:08 (PP)
Penalties :
Patrik Laine (MTL) for Tripping (Minor) at 1:40, Jake McCabe (NYR) for Slashing (Double Minor) at 5:45
2nd period
2. New York Rangers , Nathan MacKinnon 1 (Artemi Panarin 1, Matthew Benning 1) at 5:02
3. Montreal Canadiens , Martin Necas 1 (Patrik Laine 2, Jonatan Berggren 1) at 6:46 (PP)
4. Montreal Canadiens , Vladimir Tarasenko 1 (Dylan Larkin 1) at 7:11 (PP)
Penalties :
Jake McCabe (NYR) for Cross-checking (Minor) at 6:03, Cam Fowler (NYR) for Interference (Minor) at 7:09, Dylan Larkin (MTL) for Hooking (Minor) at 15:01, Alexandre Carrier (MTL) for Hooking (Minor) at 18:57
3rd period
5. New York Rangers , Mathew Barzal 1 (Jake McCabe 1) at 2:34
6. New York Rangers , Joe Pavelski 1 (Dylan Strome 1, Cole Caufield 1) at 19:07 (PP)
Penalties :
Dylan Larkin (MTL) for Cross-checking (Minor) at 18:32
Overtime #1
No Goal
Penalties :
No Penalty
Shootout
Montreal Canadiens, Dylan Larkin - Stopped by Igor Shesterkin
New York Rangers, Artemi Panarin - Goal!
Montreal Canadiens, Vladimir Tarasenko - Stopped by Igor Shesterkin
New York Rangers, Dylan Strome - Stopped by David Rittich
Montreal Canadiens, Martin Necas - Shot Misses the Net
Penalties :
No Penalty
Goalie Stats
David Rittich (MTL), 37 saves from 40 shots - (0.925), OTL, 0-0-1, 65:00 minutes
Igor Shesterkin (NYR), 34 saves from 37 shots - (0.919), W, 1-0-0, 64:26 minutes
Players Stats for Montreal Canadiens
Player Name G A P +/- PIM S H SB GA TA FO MP PP MP PK MP
------------------------------------------------------------------------------------
Adam Fox 1 0 1 -1 0 3 0 3 0 2 0/0 28:16 2:07 3:04
Alex Iafallo 0 0 0 0 0 3 0 0 2 0 0/0 11:28 0:03 3:17
Alexandre Carrier 0 0 0 -1 2 1 1 2 0 1 0/0 17:01 0:00 2:36
Aliaksei Protas 0 0 0 -1 0 1 1 0 0 1 0/0 13:55 0:03 3:04
Brady Skjei 0 0 0 0 0 1 0 3 0 0 0/0 18:59 2:00 0:00
Damon Severson 0 0 0 -1 0 0 1 2 0 1 0/0 23:11 2:00 2:59
Dylan Larkin 0 1 1 0 4 6 1 0 1 0 13/27 20:29 1:35 0:00
Ethen Frank 0 0 0 0 0 0 2 0 0 0 0/0 7:46 0:00 0:00
Evgeni Dadonov 0 0 0 -1 0 1 0 0 0 0 0/0 12:12 0:16 0:11
Ilya Lyubushkin 0 0 0 -1 0 1 0 1 0 0 0/0 17:45 0:00 3:28
Jake Evans 0 0 0 -1 0 2 2 1 0 0 6/13 17:02 0:00 3:04
Jonatan Berggren 0 1 1 0 0 2 0 0 0 0 0/0 10:02 2:16 0:00
Juraj Slafkovsky 0 0 0 -1 0 5 2 1 1 0 0/0 17:28 1:35 0:00
Justin Faulk 0 0 0 0 0 1 2 2 0 0 0/0 24:56 2:07 0:57
Martin Necas 1 1 2 -1 0 4 2 0 1 0 1/3 18:12 2:29 0:00
Patrik Laine 0 2 2 0 2 3 3 0 0 0 3/4 20:42 2:29 0:11
Teddy Blueger 0 0 0 -1 0 2 1 0 0 0 4/11 13:49 0:00 3:17
Vladimir Tarasenko 1 0 1 0 0 1 3 1 1 0 1/1 20:11 1:35 0:00
Players Stats for New York Rangers
Player Name G A P +/- PIM S H SB GA TA FO MP PP MP PK MP
------------------------------------------------------------------------------------
Adam Larsson 0 0 0 0 0 0 1 2 0 0 0/0 19:09 0:00 0:00
Artemi Panarin 0 1 1 1 0 3 3 0 0 0 0/0 19:29 3:43 0:00
Brendan Smith 0 0 0 1 0 0 3 2 0 0 0/0 14:44 0:14 2:19
Cam Fowler 0 0 0 1 2 3 1 4 0 0 0/0 29:33 4:16 2:07
Cole Caufield 0 1 1 1 0 6 3 0 1 0 0/1 21:08 4:16 0:00
Conor Garland 0 0 0 0 0 2 0 1 1 1 0/1 8:48 0:00 0:00
David Kampf 0 0 0 0 0 0 3 1 0 0 2/6 10:31 0:00 1:43
Dylan Strome 0 1 1 1 0 1 2 0 0 0 12/21 18:25 2:35 0:00
Jake McCabe 0 1 1 1 6 1 1 1 0 0 0/0 22:05 0:00 0:00
Jake Walman 0 0 0 0 0 2 0 2 0 3 0/0 23:17 2:16 2:00
Joe Pavelski 1 0 1 1 0 6 3 0 0 1 7/11 16:39 2:35 0:00
Marcus Foligno 0 0 0 0 0 0 0 1 0 0 0/0 10:38 0:00 1:43
Mathew Barzal 1 0 1 1 0 4 1 0 1 1 0/1 17:55 3:43 0:00
Matthew Benning 0 1 1 1 0 1 0 0 0 0 0/0 14:01 0:00 2:00
Mikael Granlund 0 0 0 0 0 0 1 0 0 0 6/9 17:39 2:22 2:12
Nathan MacKinnon 1 0 1 1 0 7 0 1 0 0 4/8 19:37 3:51 0:00
Nikolaj Ehlers 0 0 0 0 0 2 3 0 2 0 0/0 13:52 0:14 0:12
Teuvo Teravainen 0 0 0 0 0 2 2 0 0 0 0/1 18:20 2:35 2:12
3 Stars
1 - Joe Pavelski (NYR)
2 - Mathew Barzal (NYR)
3 - Nathan MacKinnon (NYR)
Power Play
Montreal Canadiens - 3 on 4 Attempt(s) - 75.00%
New York Rangers - 1 on 4 Attempt(s) - 25.00%
Penalty Kill
Montreal Canadiens - 3 on 4 Attempt(s) - 75.00%
- Score 0 goal in Penalty Kill
New York Rangers - 1 on 4 Attempt(s) - 25.00%
- Score 0 goal in Penalty Kill
Team Stat
Montreal Canadiens - Hits : 21 - Faceoff Wins : 28 - Blocked Shots : 16 - Penalty Minutes : 8
New York Rangers - Hits : 27 - Faceoff Wins : 31 - Blocked Shots : 15 - Penalty Minutes : 8
Official
Referees : Carter Sandlak and Kelly Sutherland
Linesman : Bryan Pancich and Ben O'Quinn
Game Notes
5:02 of 2nd period - New York Rangers goal is going for a video replay. After video review, Goal.
Finance
Level 1 -- Attendance: 4895 (81.58%) -- Ticket Income $499,290
Level 2 -- Attendance: 3400 (68.00%) -- Ticket Income $214,200
Level 3 -- Attendance: 2136 (71.20%) -- Ticket Income $87,576
Level 4 -- Attendance: 3400 (68.00%) -- Ticket Income $95,200
Luxury Box -- Attendance: 845 (84.50%) -- Ticket Income $164,775
Game was played at the Madison Square Garden.
Total Attendance: 14676 (73.38%)
Total Ticket Income: $1,061,041
Other Income: $371,364
Total Income: $1,432,405
Montreal Canadiens
5 vs 5 Forward
Center Left Wing Right Wing Time % Phy DF OF
1 Dylan Larkin Vladimir Tarasenko Patrik Laine 40 1 2 2
2 Jake Evans Juraj Slafkovsky Martin Necas 30 1 2 2
3 Teddy Blueger Aliaksei Protas Evgeni Dadonov 20 1 2 2
4 Ethen Frank Jonatan Berggren Alex Iafallo 10 1 2 2
5 vs 5 Defense
Defense Defense Time % Phy DF OF
1 Brady Skjei Justin Faulk 30 1 4 0
2 Adam Fox Damon Severson 30 1 4 0
3 Ilya Lyubushkin Alexandre Carrier 25 1 4 0
4 Justin Faulk Adam Fox 15 1 4 0
PowerPlay Forward
Center Left Wing Right Wing Time % Phy DF OF
1 Dylan Larkin Vladimir Tarasenko Juraj Slafkovsky 50 0 0 5
2 Patrik Laine Jonatan Berggren Martin Necas 50 0 5 0
PowerPlay Defense
Defense Defense Time % Phy DF OF
1 Justin Faulk Adam Fox 50 1 1 3
2 Brady Skjei Damon Severson 50 1 1 3
Penalty Kill 4 Players Forward
Center Wing Time % Phy DF OF
1 Jake Evans Aliaksei Protas 50 0 5 0
2 Teddy Blueger Alex Iafallo 50 0 5 0
Penalty Kill 4 Players Defense
Defense Defense Time % Phy DF OF
1 Ilya Lyubushkin Alexandre Carrier 50 0 5 0
2 Adam Fox Damon Severson 50 0 5 0
Penalty Kill - 3 Players Forward
Forward Time % Phy DF OF
1 Jake Evans 50 0 5 0
2 Teddy Blueger 50 0 5 0
Penalty Kill - 3 Players Defense
Defense Defense Time % Phy DF OF
1 Ilya Lyubushkin Alexandre Carrier 50 0 5 0
2 Adam Fox Damon Severson 50 0 5 0
4 vs 4 Forward
Center Wing Time % Phy DF OF
1 Dylan Larkin Vladimir Tarasenko 50 1 2 2
2 Martin Necas Juraj Slafkovsky 50 1 2 2
4 vs 4 Defense
Defense Defense Time % Phy DF OF
1 Justin Faulk Adam Fox 50 1 2 2
2 Brady Skjei Damon Severson 50 1 2 2
Last Minutes Offensive
Center Left Wing Right Wing Defense Defense
Dylan Larkin Vladimir Tarasenko Juraj Slafkovsky Justin Faulk Adam Fox
Last Minutes Defensive
Center Left Wing Right Wing Defense Defense
Teddy Blueger Aliaksei Protas Jake Evans Ilya Lyubushkin Alexandre Carrier
Goaltenders
Starting : David Rittich
Backup : Calle Clang
Extra Forwards
Normal : Dylan Larkin, Juraj Slafkovsky, Martin Necas - PP : Dylan Larkin, Juraj Slafkovsky - PK : Teddy Blueger
Extra Defensemen
Normal : Brady Skjei, Justin Faulk, Adam Fox - PP : Adam Fox - PK : Justin Faulk, Brady Skjei
Penalty Shots
Dylan Larkin, Vladimir Tarasenko, Martin Necas, Juraj Slafkovsky, Patrik Laine
Scratches
None
New York Rangers
5 vs 5 Forward
Center Left Wing Right Wing Time % Phy DF OF
1 Dylan Strome Artemi Panarin Nathan MacKinnon 30 0 1 4
2 Joe Pavelski Cole Caufield Mathew Barzal 30 1 1 3
3 Mikael Granlund Teuvo Teravainen Nikolaj Ehlers 25 1 2 2
4 David Kampf Conor Garland Marcus Foligno 15 1 3 1
5 vs 5 Defense
Defense Defense Time % Phy DF OF
1 Cam Fowler Jake McCabe 40 1 2 2
2 Adam Larsson Jake Walman 35 1 2 2
3 Brendan Smith Matthew Benning 25 1 2 2
4 Cam Fowler Jake McCabe 0 1 2 2
PowerPlay Forward
Center Left Wing Right Wing Time % Phy DF OF
1 Nathan MacKinnon Artemi Panarin Mathew Barzal 60 0 1 4
2 Dylan Strome Joe Pavelski Teuvo Teravainen 40 0 1 4
PowerPlay Defense
Defense Defense Time % Phy DF OF
1 Cam Fowler Cole Caufield 60 0 2 3
2 Mikael Granlund Jake Walman 40 0 2 3
Penalty Kill 4 Players Forward
Center Wing Time % Phy DF OF
1 David Kampf Marcus Foligno 50 1 3 1
2 Mikael Granlund Teuvo Teravainen 50 1 3 1
Penalty Kill 4 Players Defense
Defense Defense Time % Phy DF OF
1 Cam Fowler Brendan Smith 50 1 3 1
2 Matthew Benning Jake Walman 50 1 3 1
Penalty Kill - 3 Players Forward
Forward Time % Phy DF OF
1 David Kampf 50 1 4 0
2 Mikael Granlund 50 1 4 0
Penalty Kill - 3 Players Defense
Defense Defense Time % Phy DF OF
1 Cam Fowler Brendan Smith 50 1 4 0
2 Matthew Benning Jake Walman 50 1 4 0
4 vs 4 Forward
Center Wing Time % Phy DF OF
1 Nathan MacKinnon Artemi Panarin 50 1 2 2
2 Dylan Strome Cole Caufield 50 1 2 2
4 vs 4 Defense
Defense Defense Time % Phy DF OF
1 Cam Fowler Jake McCabe 50 1 2 2
2 Adam Larsson Jake Walman 50 1 2 2
Last Minutes Offensive
Center Left Wing Right Wing Defense Defense
Nathan MacKinnon Artemi Panarin Mathew Barzal Cam Fowler Jake Walman
Last Minutes Defensive
Center Left Wing Right Wing Defense Defense
David Kampf Mikael Granlund Marcus Foligno Matthew Benning Brendan Smith
Goaltenders
Starting : Igor Shesterkin
Backup : Kevin Lankinen
Extra Forwards
Normal : Dylan Strome, Teuvo Teravainen, Nikolaj Ehlers - PP : Dylan Strome, Teuvo Teravainen - PK : Nikolaj Ehlers
Extra Defensemen
Normal : Brendan Smith, Matthew Benning, Adam Larsson - PP : Brendan Smith - PK : Matthew Benning, Adam Larsson
Penalty Shots
Artemi Panarin, Dylan Strome, Cole Caufield, Conor Garland, Nathan MacKinnon
Scratches
None
% Time on Ice - Montreal Canadiens
Lines # - Real PCT - Wanted PCT - Time Play
Normal Forward
1 - 35% - 40% - 17:02
2 - 29% - 30% - 14:10
3 - 21% - 20% - 10:23
4 - 16% - 10% - 7:46
Normal Defense
1 - 30% - 30% - 14:59
2 - 30% - 30% - 14:52
3 - 27% - 25% - 13:07
4 - 13% - 15% - 6:23
PP Forward
1 - 40% - 50% - 1:38
2 - 60% - 50% - 2:29
PP Defense
1 - 51% - 50% - 2:07
2 - 49% - 50% - 2:00
PK Forward
1 - 50% - 50% - 3:15
2 - 50% - 50% - 3:17
PK Defense
1 - 53% - 50% - 3:28
2 - 47% - 50% - 3:04
PK3 Forward
1 - 0% - 50%
2 - 0% - 50%
PK3 Defense
1 - 0% - 50%
2 - 0% - 50%
44 Forward
1 - 51% - 50% - 2:32
2 - 49% - 50% - 2:28
44 Defense
1 - 59% - 50% - 2:56
2 - 41% - 50% - 2:04
Last Minute Offensive - 0:00
Last Minute Defensive - 0:00
Total
Forward - 65:00
Defense - 65:00
|
% Time on Ice - New York Rangers
Lines # - Real PCT - Wanted PCT - Time Play
Normal Forward
1 - 28% - 30% - 13:45
2 - 29% - 30% - 14:08
3 - 26% - 25% - 12:40
4 - 18% - 15% - 8:48
Normal Defense
1 - 42% - 40% - 20:30
2 - 35% - 35% - 17:02
3 - 24% - 25% - 11:49
4 - 0% - 0% - 0:00
PP Forward
1 - 60% - 60% - 3:57
2 - 40% - 40% - 2:35
PP Defense
1 - 65% - 60% - 4:16
2 - 35% - 40% - 2:16
PK Forward
1 - 47% - 50% - 1:55
2 - 53% - 50% - 2:12
PK Defense
1 - 51% - 50% - 2:07
2 - 49% - 50% - 2:00
PK3 Forward
1 - 0% - 50%
2 - 0% - 50%
PK3 Defense
1 - 0% - 50%
2 - 0% - 50%
44 Forward
1 - 43% - 50% - 2:10
2 - 57% - 50% - 2:50
44 Defense
1 - 54% - 50% - 2:41
2 - 46% - 50% - 2:19
Last Minute Offensive - 0:00
Last Minute Defensive - 0:00
Total
Forward - 65:00
Defense - 65:00
|
Play-by-Play
1st period
0:01 of 1st period - Dylan Larkin wins face-off versus Dylan Strome in neutral zone.
1:40 of 1st period - Minor Penalty to Patrik Laine for Tripping.
1:41 of 1st period - Jake Evans wins face-off versus Nathan MacKinnon in Montreal Canadiens zone.
2:07 of 1st period - Cam Fowler is hit by Aliaksei Protas and loses puck.
3:40 of 1st period - Penalty to Patrik Laine is over, Patrik Laine is back on ice.
3:40 of 1st period - Jake Evans is hit by Brendan Smith and loses puck.
4:35 of 1st period - Teuvo Teravainen is hit by Ethen Frank and loses puck.
5:02 of 1st period - Jake Evans is hit by Adam Larsson and loses puck.
5:45 of 1st period - Double Minor Penalty to Jake McCabe for Slashing.
5:46 of 1st period - David Kampf wins face-off versus Patrik Laine in New York Rangers zone.
6:01 of 1st period - Icing by Justin Faulk.
6:02 of 1st period - Patrik Laine wins face-off versus David Kampf in Montreal Canadiens zone.
6:37 of 1st period - Wrist shot by Patrik Laine.
6:37 of 1st period - Stopped by Igor Shesterkin with a rebound.
7:08 of 1st period - Slapshot by Adam Fox.
7:08 of 1st period - Goal by Adam Fox - Montreal Canadiens : 1 - New York Rangers : 0.
7:09 of 1st period - Dylan Larkin wins face-off versus David Kampf in neutral zone.
7:12 of 1st period - Slapshot by Dylan Larkin.
7:12 of 1st period - Stopped by Igor Shesterkin with a rebound.
7:14 of 1st period - Snap shot by Dylan Larkin.
7:14 of 1st period - Stopped by Igor Shesterkin without a rebound.
7:15 of 1st period - Dylan Larkin wins face-off versus David Kampf in New York Rangers zone.
8:47 of 1st period - Jake Walman is hit by Vladimir Tarasenko and loses puck.
9:08 of 1st period - Penalty to Jake McCabe is over, Jake McCabe is back on ice.
9:30 of 1st period - Justin Faulk is hit by Joe Pavelski.
9:34 of 1st period - Adam Fox is hit by Cole Caufield and loses puck.
10:42 of 1st period - Martin Necas is hit by Mikael Granlund and loses puck.
11:03 of 1st period - Teddy Blueger is hit by Brendan Smith and loses puck.
11:30 of 1st period - Alex Iafallo is hit by Teuvo Teravainen.
11:40 of 1st period - Alex Iafallo is hit by David Kampf and loses puck.
12:17 of 1st period - Snap shot by Alex Iafallo.
12:17 of 1st period - Stopped by Igor Shesterkin with a rebound.
12:19 of 1st period - Wrist shot by Alex Iafallo.
12:19 of 1st period - Stopped by Igor Shesterkin with a rebound.
12:21 of 1st period - Wrist shot by Alex Iafallo.
12:21 of 1st period - Stopped by Igor Shesterkin with a rebound.
12:23 of 1st period - Backhand shot by Alex Iafallo.
12:23 of 1st period - Shot Misses the Net.
12:25 of 1st period - Wrist shot by Adam Fox.
12:25 of 1st period - Shot Blocked by Jake Walman.
12:27 of 1st period - Wrist shot by Jonatan Berggren.
12:27 of 1st period - Stopped by Igor Shesterkin without a rebound.
12:28 of 1st period - Dylan Larkin wins face-off versus Mikael Granlund in New York Rangers zone.
12:29 of 1st period - Snap shot by Vladimir Tarasenko.
12:29 of 1st period - Shot Misses the Net.
12:31 of 1st period - Slapshot by Alexandre Carrier.
12:31 of 1st period - Shot Misses the Net.
12:43 of 1st period - Wrist shot by Dylan Larkin.
12:43 of 1st period - Stopped by Igor Shesterkin without a rebound.
12:44 of 1st period - Dylan Strome wins face-off versus Jake Evans in New York Rangers zone.
12:57 of 1st period - Jake McCabe is hit by Juraj Slafkovsky and loses puck.
14:08 of 1st period - Adam Larsson is hit by Damon Severson and loses puck.
15:25 of 1st period - Wrist shot by Patrik Laine.
15:25 of 1st period - Stopped by Igor Shesterkin without a rebound.
15:26 of 1st period - Mikael Granlund wins face-off versus Jake Evans in New York Rangers zone.
15:39 of 1st period - Snap shot by Teuvo Teravainen.
15:39 of 1st period - Stopped by David Rittich with a rebound.
15:51 of 1st period - Teddy Blueger is hit by Jake McCabe and loses puck.
16:16 of 1st period - Slapshot by Adam Fox.
16:16 of 1st period - Shot Blocked by Brendan Smith.
17:17 of 1st period - Snap shot by Evgeni Dadonov.
17:17 of 1st period - Shot Misses the Net.
17:19 of 1st period - Slapshot by Alexandre Carrier.
17:19 of 1st period - Shot Blocked by Cam Fowler.
17:43 of 1st period - Snap shot by Martin Necas.
17:43 of 1st period - Shot Blocked by Cam Fowler.
17:45 of 1st period - Snap shot by Jake Evans.
17:45 of 1st period - Stopped by Igor Shesterkin with a rebound.
17:47 of 1st period - Slapshot by Juraj Slafkovsky.
17:47 of 1st period - Shot Blocked by Jake McCabe.
18:31 of 1st period - Evgeni Dadonov is hit by Artemi Panarin and loses puck.
18:40 of 1st period - Aliaksei Protas is hit by Dylan Strome and loses puck.
18:51 of 1st period - Snap shot by Nathan MacKinnon.
18:51 of 1st period - Stopped by David Rittich without a rebound.
18:52 of 1st period - Mikael Granlund wins face-off versus Dylan Larkin in Montreal Canadiens zone.
18:59 of 1st period - Slapshot by Nikolaj Ehlers.
18:59 of 1st period - Shot Misses the Net.
19:09 of 1st period - Patrik Laine is hit by Nikolaj Ehlers and loses puck.
Goals for this period are 1 for Montreal Canadiens vs 0 for New York Rangers.
Shots for this period are 11 for Montreal Canadiens vs 2 for New York Rangers.
2nd period
0:01 of 2nd period - Dylan Larkin wins face-off versus Joe Pavelski in neutral zone.
0:04 of 2nd period - Snap shot by Dylan Larkin.
0:04 of 2nd period - Shot Blocked by Cam Fowler.
0:16 of 2nd period - Snap shot by Vladimir Tarasenko.
0:16 of 2nd period - Shot Misses the Net.
0:36 of 2nd period - Wrist shot by Nikolaj Ehlers.
0:36 of 2nd period - Shot Misses the Net.
0:38 of 2nd period - Slapshot by Cam Fowler.
0:38 of 2nd period - Stopped by David Rittich without a rebound.
0:39 of 2nd period - Joe Pavelski wins face-off versus Dylan Larkin in Montreal Canadiens zone.
0:46 of 2nd period - Wrist shot by Cole Caufield.
0:46 of 2nd period - Stopped by David Rittich without a rebound.
0:47 of 2nd period - Joe Pavelski wins face-off versus Dylan Larkin in Montreal Canadiens zone.
1:04 of 2nd period - Joe Pavelski is hit by Patrik Laine and loses puck.
1:25 of 2nd period - Slapshot by Cole Caufield.
1:25 of 2nd period - Stopped by David Rittich with a rebound.
1:39 of 2nd period - Joe Pavelski is hit by Patrik Laine and loses puck.
2:11 of 2nd period - Snap shot by Dylan Larkin.
2:11 of 2nd period - Shot Blocked by Brendan Smith.
2:13 of 2nd period - Snap shot by Alexandre Carrier.
2:13 of 2nd period - Deflect By Patrik Laine.
2:13 of 2nd period - Shot Misses the Net.
2:13 of 2nd period - Puck is out of play.
2:14 of 2nd period - Jake Evans wins face-off versus Dylan Strome in New York Rangers zone.
2:25 of 2nd period - Wrist shot by Artemi Panarin.
2:25 of 2nd period - Shot Blocked by Brady Skjei.
2:27 of 2nd period - Slapshot by Jake McCabe.
2:27 of 2nd period - Shot Misses the Net.
2:29 of 2nd period - Wrist shot by Nathan MacKinnon.
2:29 of 2nd period - Shot Blocked by Brady Skjei.
2:31 of 2nd period - Snap shot by Dylan Strome.
2:31 of 2nd period - Deflect By Nathan MacKinnon.
2:31 of 2nd period - Shot Blocked by Juraj Slafkovsky.
2:31 of 2nd period - Puck is out of play.
2:32 of 2nd period - Mikael Granlund wins face-off versus Teddy Blueger in Montreal Canadiens zone.
2:42 of 2nd period - Icing by Aliaksei Protas.
2:43 of 2nd period - Dylan Strome wins face-off versus Teddy Blueger in Montreal Canadiens zone.
2:58 of 2nd period - Wrist shot by Artemi Panarin.
2:58 of 2nd period - Shot Blocked by Damon Severson.
3:06 of 2nd period - Backhand shot by Evgeni Dadonov.
3:06 of 2nd period - Shot Blocked by Cam Fowler.
3:36 of 2nd period - Snap shot by Conor Garland.
3:36 of 2nd period - Stopped by David Rittich with a rebound.
3:44 of 2nd period - Conor Garland is hit by Martin Necas and loses puck.
4:27 of 2nd period - Wrist shot by Mathew Barzal.
4:27 of 2nd period - Shot Misses the Net.
5:00 of 2nd period - Snap shot by Nathan MacKinnon.
5:00 of 2nd period - Shot Blocked by Alexandre Carrier.
5:02 of 2nd period - Backhand shot by Nathan MacKinnon.
5:02 of 2nd period - New York Rangers goal is going for a video replay.
5:02 of 2nd period - The goal is good.
5:02 of 2nd period - Goal by Nathan MacKinnon - Montreal Canadiens : 1 - New York Rangers : 1.
5:03 of 2nd period - Joe Pavelski wins face-off versus Dylan Larkin in neutral zone.
5:06 of 2nd period - Adam Fox is hit by Joe Pavelski and loses puck.
5:38 of 2nd period - Off-side.
5:39 of 2nd period - Jake Evans wins face-off versus Mikael Granlund in neutral zone.
5:44 of 2nd period - Wrist shot by Martin Necas.
5:44 of 2nd period - Stopped by Igor Shesterkin without a rebound.
5:45 of 2nd period - Mikael Granlund wins face-off versus Martin Necas in New York Rangers zone.
5:54 of 2nd period - Snap shot by Martin Necas.
5:54 of 2nd period - Shot Blocked by Adam Larsson.
5:58 of 2nd period - Slapshot by Juraj Slafkovsky.
5:58 of 2nd period - Stopped by Igor Shesterkin without a rebound.
5:59 of 2nd period - Dylan Larkin wins face-off versus Dylan Strome in New York Rangers zone.
6:03 of 2nd period - Minor Penalty to Jake McCabe for Cross-checking.
6:04 of 2nd period - David Kampf wins face-off versus Dylan Larkin in New York Rangers zone.
6:46 of 2nd period - Snap shot by Martin Necas.
6:46 of 2nd period - Goal by Martin Necas - Montreal Canadiens : 2 - New York Rangers : 1.
6:47 of 2nd period - Dylan Strome wins face-off versus Dylan Larkin in neutral zone.
7:09 of 2nd period - Minor Penalty to Cam Fowler for Interference.
7:10 of 2nd period - Dylan Larkin wins face-off versus David Kampf in New York Rangers zone.
7:11 of 2nd period - Snap shot by Vladimir Tarasenko.
7:11 of 2nd period - Goal by Vladimir Tarasenko - Montreal Canadiens : 3 - New York Rangers : 1.
7:12 of 2nd period - Patrik Laine wins face-off versus Joe Pavelski in neutral zone.
7:19 of 2nd period - Slapshot by Cole Caufield.
7:19 of 2nd period - Stopped by David Rittich with a rebound.
7:21 of 2nd period - Wrist shot by Mathew Barzal.
7:21 of 2nd period - Shot Blocked by Brady Skjei.
7:23 of 2nd period - Slapshot by Cam Fowler.
7:23 of 2nd period - Shot Misses the Net.
7:25 of 2nd period - Slapshot by Jake McCabe.
7:25 of 2nd period - Shot Hit the Post.
7:27 of 2nd period - Slapshot by Cam Fowler.
7:27 of 2nd period - Stopped by David Rittich with a rebound.
7:29 of 2nd period - Snap shot by Mathew Barzal.
7:29 of 2nd period - Stopped by David Rittich with a rebound.
7:39 of 2nd period - Jake McCabe is hit by Jake Evans.
7:45 of 2nd period - Slapshot by Cam Fowler.
7:45 of 2nd period - Shot Misses the Net.
7:50 of 2nd period - Off-side.
7:51 of 2nd period - Dylan Strome wins face-off versus Teddy Blueger in neutral zone.
8:00 of 2nd period - Snap shot by Artemi Panarin.
8:00 of 2nd period - Shot Misses the Net.
8:29 of 2nd period - Snap shot by Joe Pavelski.
8:29 of 2nd period - Stopped by David Rittich with a rebound.
8:35 of 2nd period - Adam Fox is hit by Mathew Barzal.
9:31 of 2nd period - Wrist shot by Nikolaj Ehlers.
9:31 of 2nd period - Stopped by David Rittich with a rebound.
9:35 of 2nd period - Wrist shot by Teuvo Teravainen.
9:35 of 2nd period - Stopped by David Rittich with a rebound.
9:37 of 2nd period - Wrist shot by Cam Fowler.
9:37 of 2nd period - Deflect By Alex Iafallo.
9:37 of 2nd period - Stopped by David Rittich without a rebound.
9:38 of 2nd period - Dylan Larkin wins face-off versus Dylan Strome in Montreal Canadiens zone.
10:45 of 2nd period - Snap shot by Artemi Panarin.
10:45 of 2nd period - Shot Misses the Net.
10:57 of 2nd period - Alexandre Carrier is hit by Joe Pavelski and loses puck.
11:26 of 2nd period - Adam Fox is hit by Brendan Smith and loses puck.
11:31 of 2nd period - Snap shot by Nikolaj Ehlers.
11:31 of 2nd period - Shot Misses the Net.
11:33 of 2nd period - Snap shot by Jake Walman.
11:33 of 2nd period - Stopped by David Rittich with a rebound.
11:35 of 2nd period - Snap shot by Jake Walman.
11:35 of 2nd period - Stopped by David Rittich with a rebound.
11:51 of 2nd period - Wrist shot by Artemi Panarin.
11:51 of 2nd period - Shot Misses the Net.
11:53 of 2nd period - Slapshot by Jake McCabe.
11:53 of 2nd period - Shot Blocked by Adam Fox.
11:55 of 2nd period - Slapshot by Cam Fowler.
11:55 of 2nd period - Shot Blocked by Adam Fox.
12:09 of 2nd period - Snap shot by Cole Caufield.
12:09 of 2nd period - Stopped by David Rittich with a rebound.
12:11 of 2nd period - Slapshot by Jake Walman.
12:11 of 2nd period - Shot Misses the Net.
12:13 of 2nd period - Slapshot by Mathew Barzal.
12:13 of 2nd period - Shot Blocked by Vladimir Tarasenko.
12:30 of 2nd period - Snap shot by Nikolaj Ehlers.
12:30 of 2nd period - Stopped by David Rittich without a rebound.
12:31 of 2nd period - Dylan Strome wins face-off versus Jake Evans in Montreal Canadiens zone.
12:42 of 2nd period - Snap shot by Nathan MacKinnon.
12:42 of 2nd period - Stopped by David Rittich with a rebound.
12:44 of 2nd period - Snap shot by Artemi Panarin.
12:44 of 2nd period - Shot Misses the Net.
13:08 of 2nd period - Evgeni Dadonov is hit by Cole Caufield and loses puck.
13:59 of 2nd period - Wrist shot by Nathan MacKinnon.
13:59 of 2nd period - Stopped by David Rittich with a rebound.
14:01 of 2nd period - Slapshot by Adam Larsson.
14:01 of 2nd period - Shot Blocked by Alexandre Carrier.
14:03 of 2nd period - Slapshot by Adam Larsson.
14:03 of 2nd period - Shot Blocked by Ilya Lyubushkin.
14:05 of 2nd period - Snap shot by Nathan MacKinnon.
14:05 of 2nd period - Shot Misses the Net.
14:23 of 2nd period - Brendan Smith is hit by Ethen Frank and loses puck.
14:40 of 2nd period - Wrist shot by Conor Garland.
14:40 of 2nd period - Shot Misses the Net.
15:01 of 2nd period - Minor Penalty to Dylan Larkin for Hooking.
15:02 of 2nd period - Nathan MacKinnon wins face-off versus Jake Evans in Montreal Canadiens zone.
15:06 of 2nd period - Snap shot by Artemi Panarin.
15:06 of 2nd period - Shot Misses the Net.
15:38 of 2nd period - Wrist shot by Dylan Strome.
15:38 of 2nd period - Stopped by David Rittich with a rebound.
15:48 of 2nd period - Mathew Barzal is hit by Teddy Blueger and loses puck.
15:55 of 2nd period - Slapshot by Adam Fox.
15:55 of 2nd period - Stopped by Igor Shesterkin with a rebound.
15:57 of 2nd period - Snap shot by Teddy Blueger.
15:57 of 2nd period - Shot Blocked by Nathan MacKinnon.
15:59 of 2nd period - Wrist shot by Alex Iafallo.
15:59 of 2nd period - Shot Misses the Net.
16:09 of 2nd period - Teddy Blueger is hit by Dylan Strome and loses puck.
17:01 of 2nd period - Penalty to Dylan Larkin is over, Dylan Larkin is back on ice.
17:07 of 2nd period - Snap shot by Dylan Larkin.
17:07 of 2nd period - Stopped by Igor Shesterkin with a rebound.
18:52 of 2nd period - Mikael Granlund is hit by Alexandre Carrier.
18:57 of 2nd period - Minor Penalty to Alexandre Carrier for Hooking.
18:58 of 2nd period - Teddy Blueger wins face-off versus Nathan MacKinnon in Montreal Canadiens zone.
18:58 of 2nd period - Teddy Blueger is hit by Artemi Panarin.
19:41 of 2nd period - Wrist shot by Artemi Panarin.
19:41 of 2nd period - Stopped by David Rittich without a rebound.
19:42 of 2nd period - Dylan Strome wins face-off versus Jake Evans in Montreal Canadiens zone.
19:57 of 2nd period - Wrist shot by Joe Pavelski.
19:57 of 2nd period - Stopped by David Rittich with a rebound.
Goals for this period are 2 for Montreal Canadiens vs 1 for New York Rangers.
Shots for this period are 6 for Montreal Canadiens vs 21 for New York Rangers.
3rd period
0:01 of 3rd period - Nathan MacKinnon wins face-off versus Teddy Blueger in neutral zone.
0:04 of 3rd period - Alex Iafallo is hit by Artemi Panarin and loses puck.
0:31 of 3rd period - Slapshot by Joe Pavelski.
0:31 of 3rd period - Stopped by David Rittich with a rebound.
0:33 of 3rd period - Slapshot by Joe Pavelski.
0:33 of 3rd period - Deflect By Teuvo Teravainen.
0:33 of 3rd period - Shot Blocked by Justin Faulk.
0:33 of 3rd period - Puck is out of play.
0:34 of 3rd period - Dylan Strome wins face-off versus Teddy Blueger in Montreal Canadiens zone.
0:43 of 3rd period - Slapshot by Teuvo Teravainen.
0:43 of 3rd period - Deflect By Dylan Strome.
0:43 of 3rd period - Shot Blocked by Damon Severson.
0:43 of 3rd period - Puck is out of play.
0:44 of 3rd period - Teddy Blueger wins face-off versus Nathan MacKinnon in Montreal Canadiens zone.
0:57 of 3rd period - Penalty to Alexandre Carrier is over, Alexandre Carrier is back on ice.
1:33 of 3rd period - Wrist shot by Juraj Slafkovsky.
1:33 of 3rd period - Stopped by Igor Shesterkin without a rebound.
1:34 of 3rd period - Jake Evans wins face-off versus Conor Garland in New York Rangers zone.
1:37 of 3rd period - Snap shot by Martin Necas.
1:37 of 3rd period - Shot Blocked by Conor Garland.
1:39 of 3rd period - Slapshot by Brady Skjei.
1:39 of 3rd period - Shot Misses the Net.
1:41 of 3rd period - Slapshot by Justin Faulk.
1:41 of 3rd period - Shot Misses the Net.
1:43 of 3rd period - Backhand shot by Justin Faulk.
1:43 of 3rd period - Shot Blocked by David Kampf.
1:45 of 3rd period - Slapshot by Martin Necas.
1:45 of 3rd period - Stopped by Igor Shesterkin with a rebound.
1:47 of 3rd period - Snap shot by Justin Faulk.
1:47 of 3rd period - Stopped by Igor Shesterkin with a rebound.
1:49 of 3rd period - Slapshot by Brady Skjei.
1:49 of 3rd period - Shot Blocked by Jake Walman.
1:51 of 3rd period - Snap shot by Juraj Slafkovsky.
1:51 of 3rd period - Shot Misses the Net.
1:53 of 3rd period - Slapshot by Justin Faulk.
1:53 of 3rd period - Shot Blocked by Marcus Foligno.
1:55 of 3rd period - Snap shot by Justin Faulk.
1:55 of 3rd period - Shot Misses the Net.
1:57 of 3rd period - Slapshot by Justin Faulk.
1:57 of 3rd period - Shot Misses the Net.
1:59 of 3rd period - Snap shot by Brady Skjei.
1:59 of 3rd period - Stopped by Igor Shesterkin without a rebound.
2:00 of 3rd period - Dylan Larkin wins face-off versus Dylan Strome in New York Rangers zone.
2:03 of 3rd period - Slapshot by Patrik Laine.
2:03 of 3rd period - Deflect By Dylan Strome.
2:03 of 3rd period - Stopped by Igor Shesterkin without a rebound.
2:04 of 3rd period - Dylan Strome wins face-off versus Dylan Larkin in New York Rangers zone.
2:34 of 3rd period - Snap shot by Mathew Barzal.
2:34 of 3rd period - Goal by Mathew Barzal - Montreal Canadiens : 3 - New York Rangers : 2.
2:35 of 3rd period - Joe Pavelski wins face-off versus Dylan Larkin in neutral zone.
3:16 of 3rd period - Wrist shot by Artemi Panarin.
3:16 of 3rd period - Stopped by David Rittich with a rebound.
3:58 of 3rd period - Snap shot by Jonatan Berggren.
3:58 of 3rd period - Stopped by Igor Shesterkin without a rebound.
3:59 of 3rd period - Joe Pavelski wins face-off versus Dylan Larkin in New York Rangers zone.
4:04 of 3rd period - Wrist shot by Mathew Barzal.
4:04 of 3rd period - Shot Misses the Net.
4:06 of 3rd period - Wrist shot by Joe Pavelski.
4:06 of 3rd period - Stopped by David Rittich without a rebound.
4:07 of 3rd period - Dylan Larkin wins face-off versus Mathew Barzal in Montreal Canadiens zone.
4:12 of 3rd period - Snap shot by Dylan Larkin.
4:12 of 3rd period - Stopped by Igor Shesterkin without a rebound.
4:13 of 3rd period - Vladimir Tarasenko wins face-off versus Joe Pavelski in New York Rangers zone.
4:22 of 3rd period - Snap shot by Mathew Barzal.
4:22 of 3rd period - Shot Blocked by Adam Fox.
4:24 of 3rd period - Snap shot by Mathew Barzal.
4:24 of 3rd period - Shot Misses the Net.
4:26 of 3rd period - Wrist shot by Mathew Barzal.
4:26 of 3rd period - Stopped by David Rittich without a rebound.
4:27 of 3rd period - Dylan Strome wins face-off versus Dylan Larkin in Montreal Canadiens zone.
5:07 of 3rd period - Dylan Larkin is hit by Nikolaj Ehlers and loses puck.
5:25 of 3rd period - Wrist shot by Juraj Slafkovsky.
5:25 of 3rd period - Shot Misses the Net.
5:27 of 3rd period - Wrist shot by Jake Evans.
5:27 of 3rd period - Deflect By Juraj Slafkovsky.
5:27 of 3rd period - Deflect By Mathew Barzal.
5:27 of 3rd period - Shot Misses the Net.
5:27 of 3rd period - Puck is out of play.
5:28 of 3rd period - Jake Evans wins face-off versus Dylan Strome in New York Rangers zone.
6:40 of 3rd period - Off-side.
6:41 of 3rd period - Dylan Strome wins face-off versus Dylan Larkin in neutral zone.
7:08 of 3rd period - Jake McCabe is hit by Justin Faulk and loses puck.
7:36 of 3rd period - Slapshot by Evgeni Dadonov.
7:36 of 3rd period - Stopped by Igor Shesterkin with a rebound.
7:38 of 3rd period - Wrist shot by Teddy Blueger.
7:38 of 3rd period - Stopped by Igor Shesterkin without a rebound.
7:39 of 3rd period - Dylan Strome wins face-off versus Dylan Larkin in New York Rangers zone.
7:39 of 3rd period - Dylan Strome is hit by Vladimir Tarasenko.
8:01 of 3rd period - Nathan MacKinnon is hit by Patrik Laine and loses puck.
9:02 of 3rd period - Snap shot by Conor Garland.
9:02 of 3rd period - Stopped by David Rittich with a rebound.
10:16 of 3rd period - Justin Faulk is hit by David Kampf and loses puck.
10:41 of 3rd period - Snap shot by Artemi Panarin.
10:41 of 3rd period - Stopped by David Rittich with a rebound.
10:43 of 3rd period - Wrist shot by Matthew Benning.
10:43 of 3rd period - Stopped by David Rittich without a rebound.
10:44 of 3rd period - Dylan Larkin wins face-off versus Cole Caufield in Montreal Canadiens zone.
11:16 of 3rd period - Snap shot by Nathan MacKinnon.
11:16 of 3rd period - Shot Blocked by Jake Evans.
11:18 of 3rd period - Slapshot by Jake McCabe.
11:18 of 3rd period - Shot Misses the Net.
11:20 of 3rd period - Snap shot by Artemi Panarin.
11:20 of 3rd period - Shot Blocked by Justin Faulk.
11:22 of 3rd period - Slapshot by Jake McCabe.
11:22 of 3rd period - Stopped by David Rittich with a rebound.
11:24 of 3rd period - Slapshot by Nathan MacKinnon.
11:24 of 3rd period - Stopped by David Rittich with a rebound.
11:26 of 3rd period - Slapshot by Jake McCabe.
11:26 of 3rd period - Shot Misses the Net.
11:38 of 3rd period - Wrist shot by Teddy Blueger.
11:38 of 3rd period - Shot Misses the Net.
11:40 of 3rd period - Snap shot by Evgeni Dadonov.
11:40 of 3rd period - Shot Misses the Net.
12:13 of 3rd period - Icing by David Kampf.
12:14 of 3rd period - Dylan Larkin wins face-off versus Joe Pavelski in New York Rangers zone.
12:19 of 3rd period - Snap shot by Vladimir Tarasenko.
12:19 of 3rd period - Shot Misses the Net.
12:21 of 3rd period - Slapshot by Adam Fox.
12:21 of 3rd period - Stopped by Igor Shesterkin without a rebound.
12:22 of 3rd period - Dylan Larkin wins face-off versus Dylan Strome in New York Rangers zone.
13:01 of 3rd period - Martin Necas is hit by Cole Caufield and loses puck.
13:24 of 3rd period - Snap shot by Martin Necas.
13:24 of 3rd period - Stopped by Igor Shesterkin without a rebound.
13:25 of 3rd period - Dylan Strome wins face-off versus Dylan Larkin in New York Rangers zone.
13:56 of 3rd period - Backhand shot by Dylan Larkin.
13:56 of 3rd period - Stopped by Igor Shesterkin with a rebound.
13:58 of 3rd period - Slapshot by Ilya Lyubushkin.
13:58 of 3rd period - Deflect By Cam Fowler.
13:58 of 3rd period - Stopped by Igor Shesterkin without a rebound.
13:59 of 3rd period - Teddy Blueger wins face-off versus Mikael Granlund in New York Rangers zone.
14:10 of 3rd period - Slapshot by Teddy Blueger.
14:10 of 3rd period - Stopped by Igor Shesterkin without a rebound.
14:11 of 3rd period - Joe Pavelski wins face-off versus Martin Necas in New York Rangers zone.
14:11 of 3rd period - Joe Pavelski is hit by Martin Necas.
14:19 of 3rd period - Snap shot by Joe Pavelski.
14:19 of 3rd period - Stopped by David Rittich without a rebound.
14:20 of 3rd period - Joe Pavelski wins face-off versus Jake Evans in Montreal Canadiens zone.
14:23 of 3rd period - Backhand shot by Cole Caufield.
14:23 of 3rd period - Stopped by David Rittich with a rebound.
14:46 of 3rd period - Wrist shot by Juraj Slafkovsky.
14:46 of 3rd period - Shot Blocked by Adam Larsson.
15:10 of 3rd period - Snap shot by Juraj Slafkovsky.
15:10 of 3rd period - Stopped by Igor Shesterkin with a rebound.
15:12 of 3rd period - Snap shot by Jake Evans.
15:12 of 3rd period - Stopped by Igor Shesterkin without a rebound.
15:13 of 3rd period - Teddy Blueger wins face-off versus Teuvo Teravainen in New York Rangers zone.
15:14 of 3rd period - Snap shot by Aliaksei Protas.
15:14 of 3rd period - Stopped by Igor Shesterkin without a rebound.
15:15 of 3rd period - Mikael Granlund wins face-off versus Teddy Blueger in New York Rangers zone.
16:41 of 3rd period - Evgeni Dadonov is hit by Nikolaj Ehlers and loses puck.
17:16 of 3rd period - Marcus Foligno is hit by Vladimir Tarasenko and loses puck.
17:29 of 3rd period - Backhand shot by Matthew Benning.
17:29 of 3rd period - Deflect By Dylan Strome.
17:29 of 3rd period - Shot Misses the Net.
17:29 of 3rd period - Puck is out of play.
17:30 of 3rd period - Jake Evans wins face-off versus Dylan Strome in Montreal Canadiens zone.
18:18 of 3rd period - Dylan Larkin is hit by David Kampf and loses puck.
18:32 of 3rd period - Minor Penalty to Dylan Larkin for Cross-checking.
18:33 of 3rd period - Nathan MacKinnon wins face-off versus Jake Evans in Montreal Canadiens zone.
18:33 of 3rd period - New York Rangers, Igor Shesterkin is pulled from the net.
18:39 of 3rd period - Wrist shot by Mathew Barzal.
18:39 of 3rd period - Stopped by David Rittich with a rebound.
19:07 of 3rd period - Snap shot by Joe Pavelski.
19:07 of 3rd period - Goal by Joe Pavelski - Montreal Canadiens : 3 - New York Rangers : 3.
19:07 of 3rd period - Igor Shesterkin from New York Rangers was sent back in the game.
19:08 of 3rd period - Mikael Granlund wins face-off versus Teddy Blueger in neutral zone.
19:17 of 3rd period - Justin Faulk is hit by Cam Fowler and loses puck.
19:34 of 3rd period - Conor Garland is hit by Jake Evans and loses puck.
Goals for this period are 0 for Montreal Canadiens vs 2 for New York Rangers.
Shots for this period are 17 for Montreal Canadiens vs 14 for New York Rangers.
Overtime #1
0:01 of 1st overtime period - Nathan MacKinnon wins face-off versus Dylan Larkin in neutral zone.
0:06 of 1st overtime period - Snap shot by Nathan MacKinnon.
0:06 of 1st overtime period - Stopped by David Rittich with a rebound.
0:12 of 1st overtime period - Snap shot by Nathan MacKinnon.
0:12 of 1st overtime period - Stopped by David Rittich with a rebound.
0:14 of 1st overtime period - Wrist shot by Jake McCabe.
0:14 of 1st overtime period - Shot Misses the Net.
0:26 of 1st overtime period - Cam Fowler is hit by Juraj Slafkovsky and loses puck.
0:35 of 1st overtime period - Slapshot by Dylan Strome.
0:35 of 1st overtime period - Deflect By Cole Caufield.
0:35 of 1st overtime period - Stopped by David Rittich with a rebound.
2:22 of 1st overtime period - Martin Necas is hit by Teuvo Teravainen and loses puck.
3:39 of 1st overtime period - Snap shot by Mathew Barzal.
3:39 of 1st overtime period - Deflect By Brendan Smith.
3:39 of 1st overtime period - Shot Misses the Net.
3:39 of 1st overtime period - Puck is out of play.
3:40 of 1st overtime period - Martin Necas wins face-off versus Dylan Strome in Montreal Canadiens zone.
3:47 of 1st overtime period - Adam Larsson is hit by Justin Faulk.
3:57 of 1st overtime period - Artemi Panarin is hit by Dylan Larkin and loses puck.
4:22 of 1st overtime period - Slapshot by Juraj Slafkovsky.
4:22 of 1st overtime period - Stopped by Igor Shesterkin with a rebound.
4:24 of 1st overtime period - Snap shot by Juraj Slafkovsky.
4:24 of 1st overtime period - Stopped by Igor Shesterkin with a rebound.
4:26 of 1st overtime period - Slapshot by Alexandre Carrier.
4:26 of 1st overtime period - Stopped by Igor Shesterkin without a rebound.
4:27 of 1st overtime period - Patrik Laine wins face-off versus Nathan MacKinnon in New York Rangers zone.
Goals for this period are 0 for Montreal Canadiens vs 0 for New York Rangers.
Shots for this period are 3 for Montreal Canadiens vs 3 for New York Rangers.
ShootOut
5:00 of 1st overtime period - Round #1.
5:00 of 1st overtime period - Montreal Canadiens, Dylan Larkin.
5:00 of 1st overtime period - Deke by Dylan Larkin.
5:00 of 1st overtime period - Stopped by Igor Shesterkin.
5:00 of 1st overtime period - New York Rangers, Artemi Panarin.
5:00 of 1st overtime period - Snap shot by Artemi Panarin.
5:00 of 1st overtime period - Goal by Artemi Panarin.
5:00 of 1st overtime period - Round #2.
5:00 of 1st overtime period - Montreal Canadiens, Vladimir Tarasenko.
5:00 of 1st overtime period - Snap shot by Vladimir Tarasenko.
5:00 of 1st overtime period - Stopped by Igor Shesterkin.
5:00 of 1st overtime period - New York Rangers, Dylan Strome.
5:00 of 1st overtime period - Wrist shot by Dylan Strome.
5:00 of 1st overtime period - Stopped by David Rittich.
5:00 of 1st overtime period - Round #3.
5:00 of 1st overtime period - Montreal Canadiens, Martin Necas.
5:00 of 1st overtime period - Wrist shot by Martin Necas.
5:00 of 1st overtime period - Shot Misses the Net.
Back to the Top